 Dungeon Sprint DCSS version 0.32-a0-473-gd044c6f0f0 (webtiles) character file.

Game seed: 15192943321484352627

3679 rocky1 the Bludgeoner (level 10, -1/119 HPs)
             Began as an Oni Gladiator on Feb 26, 2024.
             Was an Initiate of Gozag.
             Slain by a skyshark (8 damage)
             ... in the Dungeon (Sprint IX: "|||||||||||||||||||||||||||||").
             The game lasted 00:04:23 (973 turns).

rocky1 the Bludgeoner (Oni Gladiator)                Turns: 973, Time: 00:04:25

Health: -1/119     AC: 11    Str: 24    XL:     10   Next: 13%
Magic:  10/10      EV: 15    Int: 12    God:    Gozag
Gold:   1098       SH:  0    Dex: 10    Spells: 9/9 levels left

rFire   . . .        o - +2 morningstar (protect)
rCold   . . .        (no shield)
rNeg    . . .        b - +0 robe
rPois   .            c - +0 hat
rElec   .            p - +0 cloak
rCorr   .            (gloves unavailable)
SInv    .            (boots unavailable)
Will    +....        (no amulet)
Stlth   +            q - +2 ring of evasion
HPRegen 0.39/turn    r - +3 ring of intelligence
MPRegen 0.12/turn

%: no teleportation
@: gold aura, under a protective aura
A: large, unfitting armour, horns 1, tough skin 1, double potion healing,
drunken brawling
a: Renounce Religion, Potion Petition, Call Merchant, Bribe Branch


You were in the Dungeon.
You worshipped Gozag.
Gozag was most pleased with you.
You visited 1 branch You collected 1535 gold pieces.
You paid 437 gold pieces to Gozag.

Inventory:

Hand Weapons
 a - a +0 flail
 o - a +2 morningstar of protection (weapon)
Missiles
 d - 2 throwing nets (quivered)
 e - a large rock
Armour
 b - a +0 robe (worn)
 c - a +0 hat (worn)
 p - a +0 cloak (worn)
Jewellery
 l - a ring of resist corrosion
 q - a +2 ring of evasion (left hand)
 r - a +3 ring of intelligence (right hand)
Scrolls
 k - 3 scrolls of blinking
 m - 2 scrolls of amnesia
 s - 2 scrolls of enchant weapon
 t - 2 scrolls of enchant armour
Potions
 f - 3 potions of curing
 g - a potion of haste
 h - 2 potions of mutation
 i - 4 potions of magic
 j - 4 potions of heal wounds


   Skills:
 + Level 13.4 Fighting
 + Level 16.8 Maces & Flails
 - Level 2.2 Throwing
 + Level 10.8 Dodging
 - Level 1.3 Stealth
 - Level 3.6 Evocations


You had 9 spell levels left.
You didn't know any spells.
Your spell library was empty.

Dungeon Overview and Level Annotations

Branches:
Dungeon (1/1)

Altars:
Cheibriados
Dithmenos
Elyvilon
Fedhas
Gozag
Hepliaklqana
Kikubaaqudgha
Makhleb
Nemelex Xobeh
Okawaru
Qazlal
Ru
Sif Muna
Trog
Uskayaw
Vehumet
Wu Jian
Xom
Yredelemnul
Zin
The Shining One
Beogh
Jiyva
Lugonu


Innate Abilities, Weirdness & Mutations

You are too large for most types of armour.
You have a pair of small horns on your head.
You have tough skin. (AC +1)
You gain doubled healing and magic from potions.
Whenever you drink a healing potion, you attack all around you.


Message History

The polar bear closely misses you. The polar bear claws you.
You hit the polar bear.
The polar bear is severely wounded.
The polar bear bites you. The polar bear closely misses you.
The polar bear claws you but does no damage.
You hit the polar bear.
The polar bear is severely wounded.
You impale the polar bear!!
You kill the polar bear!
You hit the skyshark but do no damage. The skyshark bites you.
The skyshark tastes blood and grows stronger!
The skyshark tail-slaps you but does no damage.
The skyshark closely misses you.
You barely miss the skyshark. The skyshark closely misses you.
The skyshark tail-slaps you but does no damage.
The skyshark misses you.
You hit the skyshark.
The skyshark is lightly wounded.
The cane toad is distracted by your dazzling golden aura.
You impale the skyshark!! You headbutt the skyshark.
The skyshark is moderately wounded.
The cane toad is no longer distracted by gold.
The skyshark closely misses you. The skyshark completely misses you.
The skyshark tail-slaps you!
You closely miss the skyshark.
The skyshark is moderately wounded.
The skyshark bites you!
The skyshark enters a blood-rage!
The skyshark barely misses you. The skyshark completely misses you.
You closely miss the skyshark.
The skyshark is moderately wounded.
The skyshark closely misses you. The skyshark tail-slaps you!
* * * LOW HITPOINT WARNING * * *
The skyshark closely misses you.
You sock the skyshark!
The skyshark is heavily wounded.
The skyshark bites you!!
* * * LOW HITPOINT WARNING * * *
The skyshark tail-slaps you!
You die...
Your body crumbles into a pile of gold.

▓_▓.▓
▓_▓.▓+▓
▓_▓.▓.▓
▓_▓.▓.▓
▓_▓.▓.▓
▓_▓.▓.▓
▓_▓.▓F▓
▓_▓.▓F▓
▓_▓.▓@▓
▓_▓.▓$▓
▓_▓.▓$▓
▓_▓.▓'▓
▓_▓.▓?▓
▓_▓.▓.▓
▓_▓.▓.▓
▓_▓.▓.▓
▓'▓.▓.▓


You could see a skyshark (berserk) and a cane toad.

Vanquished Creatures
  A two-headed ogre (D)
  A manticore (D)
  An unseen horror (D)
  A rime drake (D)
  An efreet (D)
  2 trolls (D)
  A polar bear (D)
  2 basilisks (D)
  3 yaks (D)
  A vampire mosquito (D)
  A water moccasin (D)
  A bullfrog (D)
  A gnoll sergeant (D)
  An iguana (D)
  An orc wizard (D)
  An adder (D)
  An ufetubus (D)
  A ribbon worm (D)
  An orc (D)
  A bat (D)
  A hobgoblin (D)
  A kobold (D)
  2 frilled lizards (D)
28 creatures vanquished.

Vanquished Creatures (others)
  A hydra (D)
1 creature vanquished.

Grand Total: 29 creatures vanquished

Notes
Turn   | Place    | Note
-------+----------+-------------------------------------------
     0 | D        | rocky1 the Oni Gladiator began the quest for the Orb.
     0 | D        | Reached XP level 1. HP: 22/22 MP: 1/1
    22 | D        | Noticed an iguana
    31 | D        | Killed an iguana
    32 | D        | Reached skill level 5 in Maces & Flails
    32 | D        | Reached XP level 2. HP: 21/32 MP: 2/2
    32 | D        | Reached XP level 3. HP: 25/39 MP: 3/3
   315 | D        | Found a roughly hewn altar of Beogh.
   315 | D        | Found a snail-covered altar of Cheibriados.
   315 | D        | Found a shadowy altar of Dithmenos.
   315 | D        | Found a white marble altar of Elyvilon.
   315 | D        | Found a blossoming altar of Fedhas.
   315 | D        | Found an opulent altar of Gozag.
   316 | D        | Found a hazy altar of Hepliaklqana.
   317 | D        | Found a viscous altar of Jiyva.
   318 | D        | Found an ancient bone altar of Kikubaaqudgha.
   319 | D        | Found a corrupted altar of Lugonu.
   320 | D        | Found a burning altar of Makhleb.
   321 | D        | Found a sparkling altar of Nemelex Xobeh.
   322 | D        | Found an iron altar of Okawaru.
   323 | D        | Became a worshipper of Gozag Ym Sagoz the Greedy
   324 | D        | Found a stormy altar of Qazlal.
   325 | D        | Found a sacrificial altar of Ru.
   326 | D        | Found a shimmering blue altar of Sif Muna.
   327 | D        | Found a bloodstained altar of Trog.
   328 | D        | Found a hide-covered altar of Uskayaw.
   329 | D        | Found a radiant altar of Vehumet.
   330 | D        | Found an ornate altar of the Wu Jian Council.
   331 | D        | Found a shimmering altar of Xom.
   332 | D        | Found a basalt altar of Yredelemnul.
   333 | D        | Found a glowing silver altar of Zin.
   334 | D        | Found a glowing golden altar of the Shining One.
   368 | D        | Noticed a two-headed ogre
   368 | D        | Noticed a troll
   368 | D        | Noticed a yak
   368 | D        | Noticed a yak
   368 | D        | Noticed a gnoll sergeant
   372 | D        | Killed a gnoll sergeant
   372 | D        | Killed a yak
   373 | D        | Reached skill level 9 in Maces & Flails
   373 | D        | Reached skill level 1 in Evocations
   373 | D        | Reached XP level 4. HP: 20/53 MP: 0/4
   373 | D        | Reached XP level 5. HP: 23/61 MP: 0/5
   373 | D        | Reached XP level 6. HP: 25/68 MP: 0/6
   378 | D        | Killed a yak
   379 | D        | Reached skill level 10 in Maces & Flails
   384 | D        | Killed a troll
   385 | D        | Reached skill level 11 in Maces & Flails
   385 | D        | Reached skill level 1 in Stealth
   385 | D        | Reached XP level 7. HP: 49/81 MP: 1/7
   397 | D        | Killed a two-headed ogre
   398 | D        | Reached skill level 10 in Fighting
   398 | D        | Reached skill level 13 in Maces & Flails
   398 | D        | Reached XP level 8. HP: 51/93 MP: 2/8
   399 | D        | Killed an unseen horror
   577 | D        | Noticed an efreet
   577 | D        | Noticed a six-headed hydra
   577 | D        | Noticed a troll
   577 | D        | Noticed a manticore
   583 | D        | Killed a manticore
   584 | D        | Reached skill level 14 in Maces & Flails
   584 | D        | Reached XP level 9. HP: 105/105 MP: 9/9
   595 | D        | Killed a troll
   607 | D        | Killed a six-headed hydra
   608 | D        | Reached skill level 15 in Maces & Flails
   608 | D        | Reached skill level 10 in Dodging
   612 | D        | Killed an efreet
   921 | D        | Noticed a rime drake
   922 | D        | Noticed a polar bear
   928 | D        | Noticed a cane toad
   932 | D        | Noticed a skyshark
   933 | D        | Reached skill level 16 in Maces & Flails
   945 | D        | Killed a rime drake
   946 | D        | Reached XP level 10. HP: 86/119 MP: 10/10
   973 | D        | Slain by a skyshark

Illustrated notes

Levels and vault maps discovered:
D:        linesprint [early_d, line_temple, items_1, d_10, items_2, lair_1,
          lair_end, items_3, orc_1, orc_end, items_4, d_15, swamp_1, shoals_1,
          snake_1, spider_1, d_20, vaults_1, items_5, swamp_end, shoals_end,
          snake_end, spider_end, vaults_end, d_27, items_6, zot_1, zot_end,
          crypt_end, forest_end, elf_end, slime_end, tomb_end, abyss_end,
          pan_hell_end]

Skill      XL: |  1  2  3  4  5  6  7  8  9 |
---------------+----------------------------+-----
Dodging        | 4 6 8 9 10 | 10.8
Fighting       | 3 6 8 10 11 13 | 13.4
Maces & Flails | 5 9 11 13 14 16 | 16.8
Evocations     | 1 2 3 |  3.6
Stealth        | 1 |  1.3
Throwing       | |  2.2

Action                     |  1- 3 |  4- 6 |  7- 9 | 10-12 || total
---------------------------+-------+-------+-------+-------++-------
  Melee: Flail             |    39 |       |       |       ||    39
         Headbutt          |     7 |     2 |    11 |     2 ||    22
         Morningstar       |       |     9 |    53 |    18 ||    80
  Throw: Throwing net      |     2 |       |       |       ||     2
 Invoke: Potion Petition   |       |       |     1 |       ||     1
  Evoke: Wand              |     4 |     2 |     4 |       ||    10
    Use: Potion            |     1 |     1 |     5 |     1 ||     8
         Scroll            |       |       |     1 |       ||     1
   Stab: Invisible         |       |       |     1 |       ||     1
 Armour: Robe              |    34 |    12 |    30 |    39 ||   115
  Dodge: Dodged            |    33 |     6 |    35 |    14 ||    88

Table legend: (Time is in decaauts)
 A = Elapsed time spent in this place.
 B = Non-inter-level travel time spent in this place.
 C = Inter-level travel time spent in this place.
 D = Time resting spent in this place.
 E = Time spent auto-exploring this place.
 F = Levels seen in this place.
 G = Mean time per level.
                   A        B        C        D        E       F      G
               +--------+--------+--------+--------+--------+-----+--------+
         Total |    953 |    953 |      0 |    571 |      0 |   1 |  953.0 |
       Dungeon |    953 |    953 |      0 |    571 |      0 |   1 |  953.0 |
               +--------+--------+--------+--------+--------+-----+--------+

Top non-repeatable levels by time:
       D: 953 daAuts
